 Dungeon Crawl Stone Soup version 0.25.0-26-g0c896c7088 (webtiles) character file.

Game seed: 9608577215158486326

6286 AvylaarBelgium the Thaumaturge (level 10, -9/50 HPs)
             Began as a Deep Elf Fire Elementalist on July 5, 2020.
             Was a Believer of Vehumet.
             Mangled by a polar bear (26 damage)
             ... in an ice cave.
             The game lasted 00:52:11 (9359 turns).

AvylaarBelgium the Thaumaturge (DEFE)               Turns: 9359, Time: 00:52:12

Health: -9/50      AC: 10    Str:  5    XL:     10   Next: 63%
Magic:  0/27       EV: 16    Int: 30    God:    Vehumet [**....]
Gold:   326        SH:  0    Dex: 15    Spells: 18/31 levels left

rFire    . . .     SeeInvis .   L - +2 dagger (protect)
rCold    + + .     Gourm    .   (no shield)
rNeg     . . .     Faith    .   R - +3 leather armour {rC+}
rPois    .         Spirit   .   I - +0 helmet
rElec    .         Reflect  .   K - scarf {repulsion}
rCorr    .         Harm     .   (no gloves)
MR       +....                  f - +2 pair of boots
Stlth    ++........             l - amulet of regeneration
HPRegen  0.56/turn              E - +6 ring of intelligence
MPRegen  0.20/turn              N - ring of protection from cold

@: repel missiles
A: no striking features
a: Renounce Religion


You were in an ice cave.
You worshipped Vehumet.
Vehumet was pleased with you.
You were hungry.

You visited 3 branches of the dungeon, and saw 11 of its levels.
You also visited: Ossuary, Bailey and Ice Cave.

You collected 514 gold pieces.
You spent 188 gold pieces at shops.

Inventory:

Hand Weapons
 a - a +2 whip of electrocution
 j - a +0 hunting sling
 G - a +0 shortbow
 L - a +2 dagger of protection (weapon)
 S - a +1 vorpal broad axe
Missiles
 e - 57 sling bullets
 o - 49 stones (quivered)
 q - 19 poisoned darts
 H - 62 arrows
Armour
 f - a +2 pair of boots (worn)
 F - a +2 cloak
 I - a +0 helmet (worn)
 K - a scarf of repulsion (worn)
 R - a +3 leather armour of cold resistance (worn)
 T - +0 acid dragon scales
Jewellery
 l - an amulet of regeneration (around neck)
 E - a +6 ring of intelligence (left hand)
 N - a ring of protection from cold (right hand)
Wands
 m - a wand of clouds (5)
 r - a wand of flame (16)
 x - a wand of polymorph (8)
 P - a wand of paralysis (6)
 Q - a wand of random effects (14)
Scrolls
 d - a scroll of immolation
 g - 2 scrolls of enchant armour
 h - a scroll of noise {unknown}
 i - 4 scrolls of teleportation {unknown}
 k - a scroll of amnesia
 w - a scroll of fear
 y - a scroll of magic mapping
 z - a scroll of remove curse
 J - a scroll of enchant weapon {unknown}
 M - 2 scrolls of identify
 U - a scroll of blinking {unknown}
Potions
 b - a potion of cancellation
 n - 2 potions of mutation {unknown}
 p - 3 potions of curing
 t - 3 potions of magic
 u - 3 potions of stabbing
 v - 2 potions of might
 A - a potion of experience {unknown}
 B - 3 potions of haste
 C - 3 potions of ambrosia {unknown}
 D - 2 potions of invisibility {unknown}
 O - a potion of resistance {unknown}
Comestibles
 c - 11 rations
 s - 12 chunks of flesh


   Skills:
 - Level 1.0 Armour
 * Level 7.8 Dodging
 - Level 2.4 Stealth
 + Level 11.1 Spellcasting
 - Level 10.0 Conjurations
 + Level 9.7 Fire Magic


You had 18 spell levels left.
You knew the following spells:

 Your Spells              Type           Power        Failure   Level  Hunger
a - Foxfire               Conj/Fire      ####         1%          1    None
b - Conjure Flame         Conj/Fire      ######..     1%          3    None
c - Sticky Flame          Conj/Fire      ######..     1%          4    None
e - Fireball              Conj/Fire      ######....   2%          5    ###....

Your spell library contained the following spells:

 Spells                   Type           Power        Failure   Level  Hunger
 Freeze                   Ice            ###.         4%          1    None
 Inner Flame              Hex/Fire       #####...     1%          3    None


Dungeon Overview and Level Annotations

Branches:
Dungeon (9/15)             Temple (1/1) D:7            Lair (1/6) D:9
    Orc (0/2) D:9         Ossuary (visited)          Bailey (visited)
  IceCv (1/1)

Altars:
Ashenzari
Cheibriados
Dithmenos
Elyvilon
Gozag
Hepliaklqana
Kikubaaqudgha
Makhleb
Nemelex Xobeh
Okawaru
Qazlal
Ru
Sif Muna
Uskayaw
Vehumet
Wu Jian
Xom
Yredelemnul

Shops:
D:8 [   D:9 }

Annotations:
D:4 2 runed translucent doors, exclusion: phantom, Mandevil's ghost, novice MiEn
D:5 Prince Ribbit


Message History

Casting: Sticky Flame (dangerous; 1% risk of failure)
Confirm with . or Enter, or press ? or * to list all spells.
You conjure some foxfire!
The polar bear bites you!!
Ouch! That really hurt!
The polar bear barely misses you.
The polar bear claws you but does no damage.
The polar bear completely misses you. The polar bear misses you.
The polar bear claws you.
* * * LOW HITPOINT WARNING * * *
The foxfire hits the yak.
The yak is almost dead.
The foxfire hits the yak.
The yak is almost dead.
Okay, then.
Okay, then.
As you read the scroll of fear, it crumbles to dust.
You assume a fearsome visage.
The yak looks frightened!
The polar bear bites you!!
Ouch! That really hurt!
You die...

##...# ##..#
##..## #..## #
##..####
##.#....#.##
##..........##
#.......hY...##
#.....#ยงยง@.....#
.......###.......
....... ####...
#...... ## ###....
###..


You could see a polar bear (berserk) and a yak (fleeing).

Vanquished Creatures
  Erica (D:9)
  Psyche (D:8)
  Maggie (D:7)
  A komodo dragon (D:9)
  A hornet (D:8)
  A hippogriff (D:7)
  5 polar bears (IceCv)
  Sigmund (D:5)
  2 yaks (IceCv)
  Duvessa (D:7)
  4 orc warriors
  An ice beast (D:7)
  3 ogres
  A phantom (D:7)
  3 wolves (IceCv)
  4 centaurs
  A big kobold (D:8)
  2 bullfrogs (D:6)
  5 water moccasin zombies (Ossuary)
  Dowan (D:7)
  3 wights (D:9)
  A bullfrog zombie (D:8)
  A jelly (D:7)
  4 hounds
  2 bullfrog skeletons
  3 orc priests
  A centaur skeleton (D:4)
  An iguana (D:8)
  3 worker ants
  2 orc wizards
  2 big kobold zombies (Ossuary)
  3 mummies
  A worker ant zombie (D:6)
  4 gnolls (D:3)
  8 adders
  A shadow imp (D:7)
  3 oozes
  5 adder zombies (Ossuary)
  A worm (D:2)
  4 leopard geckos
  13 orcs
  3 ball pythons
  A giant cockroach (D:2)
  6 hobgoblins
  9 jackals
  15 kobolds
  2 quokkas
  5 bats
  3 frilled lizards
  2 gnoll zombies (Ossuary)
  6 goblins
  7 hobgoblin zombies
  A jackal skeleton (D:6)
  3 kobold zombies (Ossuary)
  3 orc zombies (Ossuary)
  4 rats
176 creatures vanquished.

Vanquished Creatures (others)
  An orc zombie (Ossuary)
  317 foxfires
  13 plants (D:9)
331 creatures vanquished.

Grand Total: 507 creatures vanquished

Notes
Turn   | Place    | Note
-------+----------+-------------------------------------------
     0 | D:1      | AvylaarBelgium the Deep Elf Fire Elementalist began the
                  | quest for the Orb.
     0 | D:1      | Reached XP level 1. HP: 10/10 MP: 6/6
   533 | D:1      | Reached XP level 2. HP: 15/15 MP: 5/8
  1211 | D:2      | Reached XP level 3. HP: 19/19 MP: 8/10
  2127 | D:3      | Reached XP level 4. HP: 24/24 MP: 6/11
  2138 | D:3      | Reached skill level 4 in Spellcasting
  2742 | D:4      | Reached XP level 5. HP: 28/28 MP: 10/13
  2786 | D:4      | Learned a level 3 spell: Conjure Flame
  2791 | D:4      | Learned a level 4 spell: Sticky Flame
  3045 | D:4      | Noticed a phantom
  3151 | D:4      | Found a shattered altar of Ashenzari.
  3179 | D:4      | Found a large runed translucent door.
  3180 | D:4      | Found a large runed translucent door.
  3182 | D:4      | Noticed Mandevil's ghost (novice MiEn)
  3389 | D:5      | Entered Level 5 of the Dungeon
  3439 | D:5      | Noticed an ogre
  3526 | D:5      | Found a sand-covered staircase.
  3530 | D:5      | Reached skill level 1 in Armour
  3530 | D:5      | Reached XP level 6. HP: 32/32 MP: 7/14
  3548 | Ossuary  | Entered an ossuary
  3633 | Ossuary  | Reached skill level 5 in Spellcasting
  3746 | Ossuary  | Reached skill level 5 in Conjurations
  3996 | Ossuary  | Reached XP level 7. HP: 27/36 MP: 13/16
  4008 | Ossuary  | Reached skill level 5 in Fire Magic
  4228 | D:5      | Noticed Sigmund
  4264 | D:5      | Killed Sigmund
  4357 | D:5      | Reached skill level 6 in Spellcasting
  4469 | D:5      | Noticed Prince Ribbit
  5179 | D:5      | Reached XP level 8. HP: 33/41 MP: 9/19
  5474 | D:6      | Learned a level 5 spell: Fireball
  5489 | D:6      | Reached skill level 7 in Spellcasting
  6299 | D:7      | Found a staircase to the Ecumenical Temple.
  6305 | Temple   | Entered the Ecumenical Temple
  6345 | Temple   | Became a worshipper of Vehumet
  6386 | D:7      | Noticed a hippogriff
  6468 | D:7      | Noticed Duvessa
  6470 | D:7      | Killed a hippogriff
  6479 | D:7      | Noticed Maggie
  6552 | D:7      | Noticed Dowan
  6626 | D:7      | Reached skill level 8 in Spellcasting
  6626 | D:7      | Reached XP level 9. HP: 45/45 MP: 3/23
  6903 | D:7      | Found a flagged portal.
  6911 | Bailey   | Entered a bailey
  6911 | Bailey   | Noticed an orc knight
  6922 | Bailey   | Noticed an orc knight
  7264 | D:8      | Reached * piety under Vehumet
  7264 | D:8      | Offered knowledge of Sandblast by Vehumet.
  7339 | D:8      | Noticed Psyche
  7363 | D:7      | Killed Maggie
  7374 | D:8      | Found Cuqij's Antique Armour Shoppe.
  7379 | D:8      | Bought a fine robe for 188 gold pieces
  7390 | D:8      | Identified the cursed +1 robe "Ogost" {*Slow rC+ rCorr
                  | Slay+2} (You bought it in a shop on level 8 of the Dungeon)
  7486 | D:8      | Reached skill level 9 in Spellcasting
  7730 | D:8      | Killed Psyche
  7829 | D:8      | Found a hide-covered altar of Uskayaw.
  7956 | D:7      | Killed Duvessa
  7959 | D:7      | Killed Dowan
  8173 | D:9      | Found a staircase to the Lair.
  8173 | D:9      | Noticed a komodo dragon
  8178 | D:9      | Noticed Erica
  8182 | D:9      | Reached skill level 10 in Conjurations
  8318 | D:9      | Killed Erica
  8318 | D:9      | Reached skill level 10 in Spellcasting
  8318 | D:9      | Reached XP level 10. HP: 50/50 MP: 9/26
  8484 | D:9      | Reached skill level 5 in Dodging
  8674 | D:9      | Found a staircase to the Orcish Mines.
  8900 | D:9      | Found Ahom Qir's Gadget Shop.
  9139 | Lair:1   | Entered Level 1 of the Lair of Beasts
  9139 | Lair:1   | Found a frozen archway.
  9153 | IceCv    | Entered an ice cave
  9166 | IceCv    | Offered knowledge of Freeze by Vehumet.
  9184 | IceCv    | Reached ** piety under Vehumet
  9324 | IceCv    | Reached skill level 11 in Spellcasting
  9359 | IceCv    | Mangled by a polar bear

Illustrated notes

Levels and vault maps discovered:
D:1:      dpeg_arrival_simpleton_b, layout_basic
D:2:      layout_basic, serial_rivers, chequers_serial_rivers_large_a,
          chequers_serial_rivers_large_b, chequers_serial_rivers_small_b,
          chequers_serial_rivers_micro_e, chequers_serial_rivers_small_a
D:3:      layout_rooms, first_ration
D:4:      layout_loops_ring, ebering_ghost_disaster_area,
          cheibrodos_ashenzari_chains
D:5:      layout_basic, nicolae_ossuary_entry_giza, uniq_prince_ribbit1,
          uniq_sigmund
D:6:      layout_basic
D:7:      layout_rooms, minmay_temple_entry_hall, enter_bailey_6, uniq_maggie,
          uniq_duvessa
D:8:      layout_rooms, eat_drink_and_be_merry_uskayaw, serial_shops,
          nicolae_shop_trees, uniq_psyche
D:9:      layout_cave_pools, david_lair_shrubbed, david_orc_2, serial_shops,
          nicolae_shop_competitors_out_of_business, uniq_erica
Temple:   compressed_dpeg_circular_temple
Lair:1:   layout_cave_pods, portal_ice_cave_entry_pillars_1,
          nicolae_quartered_pool_little
IceCv:    ice_cave_small_giant

Skill      XL: |  1  2  3  4  5  6  7  8  9 10 |
---------------+-------------------------------+-----
Conjurations   | 2 3 4 5 7 8 10 | 10.0
Fire Magic     | 4 5 7 8 9 |  9.7
Spellcasting   | 4 5 6 8 10 11 | 11.1
Armour         | 1 |  1.0
Dodging        | 3 4 7 |  7.8
Stealth        | |  2.4

Action                   |  1- 3 |  4- 6 |  7- 9 | 10-12 || total
-------------------------+-------+-------+-------+-------++-------
Melee: Unarmed           |     3 |       |       |       ||     3
       Short sword       |    30 |    30 |       |       ||    60
       Whip              |       |    63 |    48 |       ||   111
       Dagger            |       |       |    10 |    14 ||    24
 Fire: Hunting sling     |    18 |       |       |       ||    18
 Cast: Foxfire           |    44 |    55 |    79 |    19 ||   197
       Sticky Flame      |       |     6 |    27 |    12 ||    45
       Conjure Flame     |       |    11 |     2 |     1 ||    14
       Fireball          |       |       |    16 |    14 ||    30
Evoke: Wand              |       |     7 |     1 |     4 ||    12
  Use: Scroll            |       |     9 |     6 |     1 ||    16
       Potion            |       |     1 |     1 |       ||     2
 Stab: Sleeping          |     1 |     2 |       |       ||     3
  Eat: Chunk             |     4 |     6 |    14 |     5 ||    29
       Ration            |       |     1 |       |       ||     1
Armor: Robe              |     4 |    10 |    21 |       ||    35
       Leather armour    |    13 |    17 |     1 |    13 ||    44
       Skin              |       |    14 |       |       ||    14
Dodge: Dodged            |    33 |    70 |    72 |    45 ||   220
       Repelled          |       |       |     4 |       ||     4
